[ AOE2 MATCH · #481478766 ]
UnrankedJurchens vs Spanish
[ REPLAY ANALYSIS · EXTRACTED FROM THE RECORDED GAME ]
Feudal
10:07
Castle
14:02
Imperial
35:46
| APM avg | 41.6 |
| APM peak | 89 |
| eAPM avg | 20.8 |
| Villagers / military | 152 / 132 |
Focus
⚔️ 28.3% · 🌾 71.7%
Steppe Lancer ×114 · Unknown (1911) ×34 · Unknown (1908) ×18 · Petard ×8 · Monk ×4 · Scout Cavalry ×4
Feudal
12:23
Castle
15:57
Imperial
29:27
| APM avg | 32.7 |
| APM peak | 74 |
| eAPM avg | 18.2 |
| Villagers / military | 131 / 300 |
Focus
⚔️ 28.1% · 🌾 71.9%
Conquistador ×154 · Scout Cavalry ×133 · Bombard Cannon ×13
Feudal
12:04
Castle
15:36
Imperial
27:51
| APM avg | 31.4 |
| APM peak | 71 |
| eAPM avg | 16.1 |
| Villagers / military | 161 / 217 |
Focus
⚔️ 29.2% · 🌾 70.8%
Spearman ×201 · Bombard Cannon ×14 · Trebuchet (Packed) ×2
Feudal
10:15
Castle
15:42
Imperial
28:24
| APM avg | 24.8 |
| APM peak | 62 |
| eAPM avg | 14.6 |
| Villagers / military | 135 / 49 |
Focus
⚔️ 22.6% · 🌾 77.4%
Archer ×32 · Skirmisher ×8 · Trebuchet (Packed) ×5 · Battering Ram ×4
Feudal
10:56
Castle
14:36
Imperial
28:48
| APM avg | 48.4 |
| APM peak | 90 |
| eAPM avg | 29.4 |
| Villagers / military | 266 / 157 |
Focus
⚔️ 29.0% · 🌾 71.0%
Scout Cavalry ×82 · Cavalry Archer ×51 · Hand Cannoneer ×17 · Trebuchet (Packed) ×5 · Monk ×2
Feudal
10:14
Castle
13:00
Imperial
28:16
| APM avg | 22.6 |
| APM peak | 46 |
| eAPM avg | 13.3 |
| Villagers / military | 146 / 377 |
Focus
⚔️ 31.6% · 🌾 68.4%
Spearman ×221 · Scorpion ×135 · Battering Ram ×16 · Militia ×5
Feudal
11:36
Castle
15:33
Imperial
31:23
| APM avg | 27.5 |
| APM peak | 50 |
| eAPM avg | 17.3 |
| Villagers / military | 192 / 238 |
Focus
⚔️ 21.7% · 🌾 78.3%
Knight ×125 · Scout Cavalry ×64 · Magyar Huszar ×46 · Monk ×2 · Trebuchet (Packed) ×1
Feudal
10:15
Castle
13:53
Imperial
27:55
| APM avg | 29.1 |
| APM peak | 76 |
| eAPM avg | 16.9 |
| Villagers / military | 128 / 89 |
Focus
⚔️ 30.9% · 🌾 69.1%
Unknown (1944) ×87 · Skirmisher ×44 · Scout Cavalry ×35 · Unknown (1942) ×11 · Archer ×5 · Scorpion ×5
Match map
Initial resources + every placement click. Lines = walls · curves = elevation contours. ◆ gold · ⬟ stone · ● berries · ✦ relic · ◌ wall gap
Your base· ✓ Closed at 14:02 · 0t walls · 2 gate(s)
Krispy's base· ✓ Closed at 15:57 · 0t walls · 2 gate(s)
KatarnRedfield's base· ✓ Closed at 15:36 · 0t walls · 2 gate(s)
杀猪死MM's base· ✓ Closed at 15:42 · 1t walls · 2 gate(s)
PerryTHIS's base· ✓ Closed at 14:36 · 0t walls · 2 gate(s)
重案组之虎曹达华JESSEJAMES's base· ✓ Closed at 13:00 · 0t walls · 2 gate(s)
TigerBitePig's base· ✓ Closed at 15:33 · 0t walls · 2 gate(s)
wz777's base· ✓ Closed at 13:53 · 0t walls · 2 gate(s)
Smoothed initial terrain · ◌ = detected wall gap · hover for details
Inputs per minute
— 丰川小祥 - - Krispy
Build order — 丰川小祥
First 150 of 374 actions detected
| 0:01 | Create | Villager (Male) ×4 |
| 0:02 | Build | House |
| 0:03 | Build | House |
| 1:27 | Create | Villager (Male) |
| 1:28 | Create | Villager (Male) |
| 1:53 | Build | Lumber Camp |
| 1:55 | Create | Villager (Male) |
| 2:09 | Build | House |
| 2:15 | Build | House |
| 2:18 | Create | Villager (Male) |
| 2:19 | Create | Villager (Male) |
| 2:56 | Create | Villager (Male) |
| 2:57 | Create | Villager (Male) |
| 2:57 | Create | Villager (Male) |
| 3:36 | Create | Villager (Male) |
| 3:37 | Create | Villager (Male) |
| 3:37 | Create | Villager (Male) |
| 3:52 | Create | Villager (Male) |
| 4:24 | Create | Villager (Male) |
| 4:40 | Create | Villager (Male) |
| 5:04 | Create | Villager (Male) |
| 5:56 | Create | Villager (Male) |
| 6:23 | Build | Mill |
| 6:26 | Create | Villager (Male) |
| 6:39 | Create | Villager (Male) |
| 6:40 | Create | Villager (Male) |
| 7:41 | Build | Mining Camp |
| 7:45 | Research | Feudal Age |
| 8:14 | Create | Villager (Male) |
| 8:14 | Create | Villager (Male) |
| 8:57 | Build | Farm |
| 9:31 | Build | Farm |
| 10:07 | Age | Feudal Age |
| 10:09 | Build | Market |
| 10:12 | Build | Blacksmith |
| 10:20 | Build | House |
| 10:51 | Create | Villager (Male) |
| 11:22 | Research | Castle Age |
| 11:52 | Build | Barracks |
| 11:57 | Build | Barracks |
| 11:59 | Research | Double-Bit Axe |
| 12:58 | Build | Stable |
| 13:06 | Create | Villager (Male) |
| 13:26 | Research | Horse Collar |
| 13:33 | Create | Villager (Male) |
| 13:42 | Create | Scout Cavalry |
| 13:42 | Create | Scout Cavalry |
| 14:02 | Age | Castle Age |
| 14:08 | Build | Monastery |
| 14:16 | Create | Scout Cavalry |
| 14:28 | Build | House |
| 14:28 | Build | House |
| 14:31 | Build | Farm |
| 14:59 | Create | Monk |
| 14:59 | Create | Villager (Male) |
| 15:24 | Build | Town Center |
| 15:26 | Create | Villager (Male) |
| 15:28 | Create | Monk |
| 15:41 | Build | Farm |
| 15:49 | Create | Villager (Male) |
| 15:55 | Create | Scout Cavalry |
| 16:18 | Create | Villager (Male) |
| 16:22 | Research | Light Cavalry (upgrade) |
| 16:36 | Create | Villager (Male) |
| 16:36 | Create | Villager (Male) |
| 16:40 | Build | Farm |
| 16:40 | Build | Farm |
| 16:40 | Build | Farm |
| 16:57 | Build | Farm |
| 17:03 | Create | Villager (Male) |
| 17:05 | Build | Farm |
| 17:10 | Build | Farm |
| 17:16 | Build | Farm |
| 17:20 | Create | Villager (Male) |
| 17:21 | Create | Villager (Male) |
| 17:42 | Build | Farm |
| 17:43 | Build | Farm |
| 17:45 | Create | Villager (Male) |
| 17:45 | Create | Villager (Male) |
| 18:19 | Create | Villager (Male) |
| 18:19 | Create | Villager (Male) |
| 18:21 | Create | Monk |
| 18:35 | Create | Villager (Male) |
| 18:36 | Create | Villager (Male) |
| 18:41 | Build | Town Center |
| 18:47 | Build | House |
| 18:48 | Build | House |
| 18:49 | Build | House |
| 18:52 | Build | Farm |
| 18:53 | Build | Farm |
| 18:54 | Build | Farm |
| 19:00 | Build | Farm |
| 19:08 | Create | Villager (Male) |
| 19:25 | Create | Villager (Male) |
| 19:28 | Build | Farm |
| 19:49 | Create | Villager (Male) |
| 19:51 | Create | Villager (Male) |
| 20:17 | Create | Villager (Male) |
| 20:18 | Create | Villager (Male) |
| 20:29 | Create | Villager (Male) |
| 20:35 | Build | Town Center |
| 20:53 | Create | Villager (Male) |
| 20:54 | Create | Villager (Male) |
| 21:20 | Create | Villager (Male) |
| 21:20 | Create | Villager (Male) |
| 21:22 | Build | Farm |
| 21:22 | Build | Farm |
| 21:25 | Build | Farm |
| 21:25 | Build | Farm |
| 21:30 | Research | Wheelbarrow |
| 21:35 | Create | Villager (Male) |
| 21:40 | Create | Villager (Male) |
| 21:43 | Create | Villager (Male) |
| 21:44 | Create | Villager (Male) |
| 21:58 | Create | Villager (Male) |
| 22:10 | Build | Farm |
| 22:11 | Build | Farm |
| 22:11 | Build | Farm |
| 22:12 | Build | Farm |
| 22:13 | Build | Farm |
| 22:17 | Build | Farm |
| 22:19 | Create | Villager (Male) |
| 22:19 | Create | Villager (Male) |
| 22:24 | Create | Villager (Male) |
| 22:25 | Research | Fervor |
| 22:34 | Create | Villager (Male) |
| 22:34 | Create | Villager (Male) |
| 22:38 | Create | Villager (Male) |
| 22:43 | Build | Farm |
| 22:45 | Build | Farm |
| 22:51 | Create | Villager (Male) |
| 23:03 | Create | Villager (Male) ×3 |
| 23:04 | Create | Villager (Male) ×3 |
| 23:15 | Build | House |
| 23:16 | Build | House |
| 23:23 | Create | Villager (Male) |
| 23:23 | Create | Villager (Male) |
| 23:31 | Build | Stable |
| 23:35 | Research | Stone Mining |
| 23:46 | Research | Gold Mining |
| 24:14 | Create | Villager (Male) |
| 24:15 | Create | Villager (Male) |
| 24:15 | Create | Monk |
| 24:21 | Create | Villager (Male) |
| 24:25 | Build | House |
| 24:30 | Create | Steppe Lancer |
| 24:30 | Create | Steppe Lancer |
| 24:37 | Build | Stable |
| 24:44 | Build | House |
| 24:45 | Build | House |
Build order — Krispy
First 150 of 441 actions detected
| 0:03 | Create | Villager (Male) |
| 0:03 | Create | Villager (Male) |
| 0:03 | Create | Villager (Male) |
| 0:04 | Build | House |
| 0:06 | Build | House |
| 0:56 | Create | Villager (Male) |
| 0:56 | Create | Villager (Male) |
| 1:36 | Create | Villager (Male) |
| 2:17 | Create | Villager (Male) |
| 2:17 | Create | Villager (Male) |
| 2:24 | Build | Lumber Camp |
| 2:33 | Create | Villager (Male) |
| 2:34 | Create | Villager (Male) |
| 3:16 | Create | Villager (Male) |
| 3:41 | Build | House |
| 3:57 | Create | Villager (Male) |
| 3:58 | Create | Villager (Male) |
| 3:58 | Create | Villager (Male) |
| 3:58 | Create | Villager (Male) |
| 4:13 | Build | House |
| 4:42 | Build | House |
| 4:48 | Create | Villager (Male) |
| 4:48 | Create | Villager (Male) |
| 5:32 | Create | Villager (Male) |
| 5:32 | Create | Villager (Male) |
| 5:47 | Build | Mill |
| 6:20 | Create | Villager (Male) |
| 6:20 | Create | Villager (Male) |
| 6:42 | Create | Villager (Male) |
| 7:00 | Build | Lumber Camp |
| 7:03 | Create | Villager (Male) |
| 7:04 | Create | Villager (Male) |
| 8:00 | Create | Villager (Male) |
| 8:01 | Create | Villager (Male) |
| 8:01 | Create | Villager (Male) |
| 8:07 | Create | Villager (Male) |
| 8:45 | Build | Mining Camp |
| 9:05 | Research | Feudal Age |
| 9:25 | Build | Farm |
| 10:15 | Build | Farm |
| 12:04 | Create | Villager (Male) |
| 12:05 | Create | Villager (Male) |
| 12:23 | Age | Feudal Age |
| 12:24 | Build | Market |
| 12:27 | Build | Blacksmith |
| 13:12 | Research | Double-Bit Axe |
| 13:15 | Research | Horse Collar |
| 13:17 | Research | Castle Age |
| 13:28 | Build | Farm |
| 13:30 | Build | Farm |
| 13:33 | Build | Farm |
| 13:36 | Build | Farm |
| 13:51 | Build | Farm |
| 13:54 | Build | Farm |
| 13:57 | Build | Farm |
| 15:31 | Create | Villager (Male) |
| 15:37 | Build | House |
| 15:57 | Age | Castle Age |
| 16:00 | Build | Town Center |
| 16:04 | Build | Town Center |
| 16:13 | Build | Town Center |
| 16:26 | Research | Bow Saw |
| 16:27 | Create | Villager (Male) |
| 16:27 | Create | Villager (Male) |
| 17:05 | Create | Villager (Male) |
| 17:05 | Create | Villager (Male) |
| 17:10 | Create | Villager (Male) |
| 17:10 | Create | Villager (Male) |
| 17:21 | Build | Farm |
| 17:23 | Build | Farm |
| 17:26 | Build | Farm |
| 17:29 | Create | Villager (Male) |
| 17:29 | Create | Villager (Male) |
| 17:32 | Build | Farm |
| 17:37 | Build | House |
| 17:41 | Create | Villager (Male) |
| 17:41 | Create | Villager (Male) |
| 17:42 | Create | Villager (Male) |
| 17:52 | Build | Farm |
| 17:59 | Build | Farm |
| 18:02 | Create | Villager (Male) |
| 18:15 | Build | Farm |
| 18:23 | Create | Villager (Male) |
| 18:23 | Create | Villager (Male) |
| 18:27 | Build | Farm |
| 18:31 | Create | Villager (Male) |
| 18:31 | Create | Villager (Male) |
| 18:31 | Create | Villager (Male) |
| 18:33 | Build | Farm |
| 18:46 | Build | Lumber Camp |
| 18:50 | Create | Villager (Male) |
| 18:50 | Create | Villager (Male) |
| 18:54 | Build | House |
| 18:58 | Build | Farm |
| 19:02 | Build | Farm |
| 19:05 | Create | Villager (Male) |
| 19:06 | Create | Villager (Male) |
| 19:08 | Build | Farm |
| 19:09 | Create | Villager (Male) |
| 19:27 | Build | Farm |
| 19:33 | Build | Farm |
| 19:34 | Create | Villager (Male) |
| 19:35 | Create | Villager (Male) |
| 19:35 | Create | Villager (Male) |
| 19:44 | Create | Villager (Male) |
| 19:44 | Create | Villager (Male) |
| 19:44 | Create | Villager (Male) |
| 19:45 | Build | Farm |
| 19:50 | Build | Farm |
| 19:55 | Build | Farm |
| 19:59 | Build | House |
| 20:10 | Build | Farm |
| 20:13 | Research | Wheelbarrow |
| 20:17 | Build | House |
| 20:18 | Build | House |
| 20:18 | Build | House |
| 20:19 | Build | House |
| 20:25 | Create | Villager (Male) |
| 20:26 | Create | Villager (Male) |
| 20:26 | Create | Villager (Male) |
| 20:26 | Create | Villager (Male) |
| 20:34 | Build | Farm |
| 20:42 | Research | Heavy Plow |
| 20:48 | Create | Villager (Male) |
| 20:52 | Build | House |
| 20:53 | Build | House |
| 20:58 | Build | Farm |
| 21:01 | Build | Farm |
| 21:04 | Create | Villager (Male) |
| 21:04 | Create | Villager (Male) |
| 21:10 | Create | Villager (Male) |
| 21:11 | Create | Villager (Male) |
| 21:11 | Create | Villager (Male) |
| 21:19 | Build | Lumber Camp |
| 21:23 | Create | Villager (Male) |
| 21:23 | Create | Villager (Male) |
| 21:45 | Create | Villager (Male) |
| 21:45 | Create | Villager (Male) |
| 21:51 | Create | Villager (Male) |
| 21:52 | Create | Villager (Male) |
| 21:54 | Build | House |
| 21:54 | Build | House |
| 22:05 | Build | Farm |
| 22:08 | Create | Villager (Male) |
| 22:08 | Create | Villager (Male) |
| 22:10 | Build | Farm |
| 22:28 | Build | Farm |
| 22:30 | Build | Farm |
| 22:35 | Create | Villager (Male) |
| 22:36 | Create | Villager (Male) |
Build order — KatarnRedfield
First 150 of 435 actions detected
| 0:01 | Create | Villager (Male) |
| 0:01 | Create | Villager (Male) |
| 0:01 | Create | Villager (Male) |
| 0:01 | Create | Villager (Male) |
| 0:04 | Build | House |
| 0:06 | Build | House |
| 1:38 | Create | Villager (Male) |
| 1:50 | Build | Lumber Camp |
| 1:51 | Create | Villager (Male) |
| 2:33 | Create | Villager (Male) |
| 2:54 | Create | Villager (Male) |
| 2:57 | Create | Villager (Male) |
| 3:40 | Build | House |
| 3:41 | Build | House |
| 3:42 | Build | House |
| 4:27 | Create | Villager (Male) |
| 4:27 | Create | Villager (Male) |
| 4:28 | Create | Villager (Male) |
| 4:28 | Create | Villager (Male) |
| 4:28 | Create | Villager (Male) |
| 4:51 | Build | Mill |
| 5:14 | Create | Villager (Male) |
| 6:12 | Create | Villager (Male) |
| 6:12 | Create | Villager (Male) |
| 7:07 | Create | Villager (Male) |
| 7:30 | Build | Lumber Camp |
| 7:41 | Create | Villager (Male) |
| 7:42 | Create | Villager (Male) |
| 8:08 | Create | Villager (Male) |
| 8:29 | Create | Villager (Male) |
| 8:30 | Create | Villager (Male) |
| 9:23 | Build | Farm |
| 9:27 | Build | Farm |
| 9:30 | Build | Farm |
| 9:33 | Build | Mining Camp |
| 9:54 | Research | Feudal Age |
| 11:20 | Build | Farm |
| 11:26 | Build | Farm |
| 11:54 | Create | Villager (Male) |
| 11:54 | Create | Villager (Male) |
| 12:04 | Age | Feudal Age |
| 12:07 | Build | Market |
| 12:11 | Build | Blacksmith |
| 12:49 | Research | Double-Bit Axe |
| 12:56 | Research | Castle Age |
| 13:19 | Research | Horse Collar |
| 13:44 | Build | Farm |
| 13:50 | Build | Farm |
| 14:01 | Research | Wheelbarrow |
| 14:11 | Build | House |
| 15:07 | Build | House |
| 15:08 | Build | House |
| 15:09 | Build | House |
| 15:36 | Age | Castle Age |
| 15:42 | Build | Town Center |
| 15:55 | Build | Town Center |
| 16:01 | Research | Bow Saw |
| 16:24 | Build | Barracks |
| 16:54 | Create | Villager (Male) |
| 16:55 | Create | Villager (Male) |
| 17:01 | Build | House |
| 17:11 | Build | Farm |
| 17:16 | Build | Farm |
| 17:19 | Create | Villager (Male) |
| 17:25 | Create | Villager (Male) |
| 17:28 | Create | Spearman |
| 17:33 | Create | Villager (Male) |
| 17:36 | Build | House |
| 17:38 | Build | House |
| 17:38 | Create | Villager (Male) |
| 17:46 | Create | Villager (Male) |
| 17:59 | Build | Farm |
| 18:01 | Build | Farm |
| 18:04 | Create | Villager (Male) |
| 18:05 | Create | Villager (Male) |
| 18:32 | Create | Villager (Male) |
| 18:38 | Create | Villager (Male) |
| 18:38 | Create | Villager (Male) |
| 18:51 | Build | Farm |
| 18:51 | Build | Farm |
| 18:53 | Build | Farm |
| 18:56 | Build | Farm |
| 18:57 | Build | Farm |
| 18:59 | Build | Farm |
| 19:00 | Build | Farm |
| 19:01 | Build | Farm |
| 19:04 | Create | Villager (Male) |
| 19:04 | Create | Villager (Male) |
| 19:05 | Create | Villager (Male) |
| 19:13 | Build | House |
| 19:14 | Build | House |
| 19:14 | Build | House |
| 19:15 | Create | Villager (Male) |
| 19:16 | Create | Villager (Male) |
| 19:22 | Build | Farm |
| 19:25 | Build | Farm |
| 19:35 | Create | Villager (Male) |
| 19:37 | Build | Farm |
| 19:39 | Build | Farm |
| 19:52 | Create | Villager (Male) |
| 19:53 | Create | Villager (Male) |
| 19:57 | Build | Farm |
| 20:03 | Build | Farm |
| 20:06 | Build | Farm |
| 20:14 | Create | Villager (Male) |
| 20:14 | Create | Villager (Male) |
| 20:20 | Build | Mining Camp |
| 20:27 | Create | Villager (Male) |
| 20:27 | Create | Villager (Male) |
| 20:29 | Create | Villager (Male) |
| 20:33 | Build | House |
| 20:34 | Build | House |
| 20:47 | Create | Villager (Male) |
| 20:47 | Create | Villager (Male) |
| 20:54 | Build | Farm |
| 20:55 | Build | Farm |
| 20:57 | Create | Villager (Male) |
| 20:58 | Create | Villager (Male) |
| 21:13 | Create | Villager (Male) |
| 21:26 | Create | Villager (Male) |
| 21:26 | Create | Villager (Male) |
| 21:28 | Build | Farm |
| 21:32 | Research | Loom |
| 21:33 | Create | Villager (Male) |
| 21:39 | Build | Mill |
| 21:40 | Build | Farm |
| 21:40 | Build | Farm |
| 21:40 | Build | Farm |
| 21:40 | Build | Farm |
| 21:50 | Build | Farm |
| 21:51 | Build | Farm |
| 21:54 | Create | Villager (Male) |
| 22:10 | Build | Siege Workshop |
| 22:13 | Create | Villager (Male) |
| 22:28 | Build | Monastery |
| 22:31 | Create | Villager (Male) |
| 22:33 | Create | Villager (Male) |
| 22:41 | Create | Villager (Male) |
| 22:41 | Create | Villager (Male) |
| 22:44 | Build | House |
| 22:46 | Build | House |
| 22:50 | Build | Farm |
| 23:03 | Create | Villager (Male) |
| 23:08 | Research | Fervor |
| 23:18 | Create | Villager (Male) |
| 23:40 | Create | Villager (Male) |
| 23:40 | Create | Villager (Male) |
| 23:43 | Build | University |
| 23:45 | Build | House |
| 23:46 | Build | House |
Build order — 杀猪死MM
First 150 of 346 actions detected
| 0:02 | Research | Loom |
| 0:48 | Create | Villager (Male) |
| 0:49 | Create | Villager (Male) |
| 1:24 | Create | Villager (Male) |
| 1:56 | Create | Villager (Male) |
| 1:57 | Create | Villager (Male) |
| 2:21 | Build | House |
| 2:27 | Create | Villager (Male) |
| 2:27 | Create | Villager (Male) |
| 2:46 | Create | Villager (Male) |
| 2:47 | Create | Villager (Male) |
| 3:09 | Create | Villager (Male) |
| 3:09 | Create | Villager (Male) |
| 3:43 | Create | Villager (Male) |
| 3:43 | Create | Villager (Male) |
| 3:43 | Create | Villager (Male) |
| 3:51 | Build | Lumber Camp |
| 4:07 | Create | Villager (Male) |
| 4:08 | Create | Villager (Male) |
| 4:24 | Create | Villager (Male) |
| 4:24 | Create | Villager (Male) |
| 4:43 | Create | Villager (Male) |
| 4:43 | Create | Villager (Male) |
| 4:45 | Create | Villager (Male) |
| 5:04 | Create | Villager (Male) |
| 5:04 | Create | Villager (Male) |
| 5:11 | Create | Villager (Male) |
| 5:11 | Create | Villager (Male) |
| 5:27 | Build | House |
| 5:30 | Create | Villager (Male) |
| 5:30 | Create | Villager (Male) |
| 5:38 | Build | Mill |
| 6:50 | Create | Villager (Male) |
| 7:25 | Create | Villager (Male) |
| 8:05 | Research | Feudal Age |
| 8:05 | Research | Feudal Age |
| 8:22 | Build | Mining Camp |
| 8:55 | Build | Barracks |
| 9:29 | Build | House |
| 10:05 | Create | Villager (Male) |
| 10:05 | Create | Villager (Male) |
| 10:15 | Age | Feudal Age |
| 10:25 | Build | Blacksmith |
| 10:55 | Create | Villager (Male) |
| 11:14 | Build | Market |
| 11:20 | Build | Palisade Wall |
| 11:23 | Create | Villager (Male) |
| 11:51 | Create | Villager (Male) |
| 12:25 | Build | House |
| 12:29 | Create | Villager (Male) |
| 12:43 | Build | Lumber Camp |
| 13:02 | Research | Castle Age |
| 13:11 | Build | Farm |
| 13:12 | Build | Farm |
| 13:32 | Build | Outpost |
| 13:42 | Build | Mining Camp |
| 13:56 | Build | Outpost |
| 14:02 | Build | Outpost |
| 14:12 | Research | Double-Bit Axe |
| 14:12 | Research | Double-Bit Axe |
| 14:43 | Build | Farm |
| 14:45 | Build | Farm |
| 15:42 | Age | Castle Age |
| 15:45 | Create | Villager (Male) |
| 15:50 | Build | Town Center |
| 16:06 | Build | Farm |
| 16:15 | Research | Bow Saw |
| 16:18 | Build | Farm |
| 16:22 | Build | Farm |
| 16:47 | Build | Farm |
| 16:49 | Build | Farm |
| 16:50 | Create | Villager (Male) |
| 16:50 | Create | Villager (Male) |
| 17:08 | Create | Villager (Male) |
| 17:08 | Create | Villager (Male) |
| 17:14 | Build | Town Center |
| 17:38 | Create | Villager (Male) |
| 17:38 | Create | Villager (Male) |
| 17:46 | Create | Villager (Male) |
| 17:46 | Create | Villager (Male) |
| 17:47 | Create | Villager (Male) |
| 17:50 | Build | Farm |
| 18:02 | Create | Villager (Male) |
| 18:02 | Create | Villager (Male) |
| 18:07 | Build | Farm |
| 18:22 | Create | Villager (Male) |
| 18:22 | Create | Villager (Male) |
| 18:37 | Create | Villager (Male) |
| 18:38 | Create | Villager (Male) |
| 18:50 | Create | Villager (Male) |
| 18:50 | Create | Villager (Male) |
| 18:53 | Build | Farm |
| 18:54 | Build | Farm |
| 19:01 | Create | Villager (Male) |
| 19:02 | Create | Villager (Male) |
| 19:05 | Build | Farm |
| 19:17 | Build | Farm |
| 19:18 | Create | Villager (Male) |
| 19:18 | Create | Villager (Male) |
| 19:23 | Build | Farm |
| 19:26 | Create | Villager (Male) |
| 19:26 | Create | Villager (Male) |
| 19:36 | Build | Farm |
| 19:42 | Create | Villager (Male) |
| 19:42 | Create | Villager (Male) |
| 20:03 | Create | Villager (Male) |
| 20:03 | Create | Villager (Male) |
| 20:05 | Create | Villager (Male) |
| 20:06 | Create | Villager (Male) |
| 20:11 | Create | Villager (Male) |
| 20:11 | Create | Villager (Male) |
| 20:20 | Build | House |
| 20:23 | Research | Horse Collar |
| 20:23 | Research | Horse Collar |
| 20:26 | Create | Villager (Male) |
| 20:27 | Create | Villager (Male) |
| 20:38 | Build | Mill |
| 20:40 | Build | Farm |
| 20:41 | Build | Farm |
| 20:42 | Build | Farm |
| 20:43 | Build | Farm |
| 20:44 | Build | Farm |
| 20:47 | Create | Villager (Male) |
| 20:51 | Create | Villager (Male) |
| 20:51 | Create | Villager (Male) |
| 21:03 | Create | Villager (Male) |
| 21:07 | Create | Villager (Male) |
| 21:07 | Create | Villager (Male) |
| 21:19 | Create | Villager (Male) |
| 21:22 | Create | Villager (Male) |
| 21:22 | Create | Villager (Male) |
| 21:37 | Build | Castle |
| 21:38 | Create | Villager (Male) |
| 21:39 | Create | Villager (Male) |
| 21:41 | Build | Farm |
| 21:48 | Build | Farm |
| 21:49 | Build | Farm |
| 21:50 | Build | Farm |
| 21:53 | Create | Villager (Male) |
| 21:54 | Create | Villager (Male) |
| 21:55 | Create | Villager (Male) |
| 21:55 | Create | Villager (Male) |
| 22:13 | Create | Villager (Male) |
| 22:18 | Build | House |
| 22:27 | Build | House |
| 22:29 | Create | Villager (Male) |
| 22:57 | Build | Town Center |
| 23:00 | Create | Villager (Male) |
| 23:02 | Research | Wheelbarrow |
| 23:02 | Research | Wheelbarrow |
Build order — PerryTHIS
First 150 of 665 actions detected
| 0:00 | Create | Villager (Male) |
| 0:00 | Create | Villager (Male) |
| 0:01 | Build | House |
| 0:02 | Build | House |
| 0:23 | Create | Villager (Male) |
| 0:26 | Create | Villager (Male) |
| 1:25 | Create | Villager (Male) |
| 1:25 | Create | Villager (Male) |
| 1:50 | Create | Villager (Male) |
| 1:50 | Create | Villager (Male) |
| 2:25 | Create | Villager (Male) |
| 2:26 | Create | Villager (Male) |
| 2:51 | Create | Villager (Male) |
| 3:10 | Build | House |
| 3:31 | Create | Villager (Male) |
| 3:49 | Create | Villager (Male) |
| 4:16 | Build | Mill |
| 4:25 | Create | Villager (Male) |
| 4:35 | Create | Villager (Male) |
| 4:35 | Create | Villager (Male) |
| 5:20 | Create | Villager (Male) |
| 5:38 | Create | Villager (Male) |
| 5:39 | Create | Villager (Male) |
| 5:56 | Build | Mule Cart |
| 6:24 | Build | House |
| 6:28 | Create | Villager (Male) |
| 6:39 | Create | Villager (Male) |
| 6:59 | Create | Villager (Male) |
| 7:17 | Build | Farm |
| 7:19 | Build | Farm |
| 7:21 | Create | Villager (Male) |
| 7:32 | Create | Villager (Male) |
| 7:34 | Build | Farm |
| 7:51 | Create | Villager (Male) |
| 8:11 | Research | Feudal Age |
| 8:16 | Create | Villager (Male) |
| 8:18 | Research | Feudal Age |
| 8:49 | Build | House |
| 9:02 | Create | Villager (Male) |
| 9:02 | Create | Villager (Male) |
| 9:28 | Create | Villager (Male) |
| 9:30 | Create | Villager (Male) |
| 10:13 | Build | Farm |
| 10:30 | Build | Farm |
| 10:56 | Age | Feudal Age |
| 10:58 | Build | Market |
| 11:02 | Build | Blacksmith |
| 11:56 | Research | Castle Age |
| 11:56 | Research | Castle Age |
| 12:03 | Build | House |
| 12:20 | Create | Villager (Male) |
| 12:25 | Research | Double-Bit Axe |
| 12:38 | Research | Horse Collar |
| 13:16 | Create | Villager (Male) |
| 13:16 | Create | Villager (Male) |
| 14:36 | Age | Castle Age |
| 14:38 | Build | Town Center |
| 14:42 | Build | Monastery |
| 14:47 | Build | Town Center |
| 14:50 | Research | Bow Saw |
| 14:54 | Create | Villager (Male) |
| 15:23 | Create | Villager (Male) |
| 15:33 | Create | Monk |
| 15:51 | Create | Villager (Male) |
| 15:56 | Build | Farm |
| 15:56 | Build | Farm |
| 15:56 | Build | Farm |
| 15:57 | Build | Farm |
| 16:06 | Create | Villager (Male) |
| 16:12 | Create | Villager (Male) |
| 16:14 | Build | Farm |
| 16:14 | Build | Farm |
| 16:15 | Build | Farm |
| 16:15 | Build | Farm |
| 16:20 | Create | Villager (Male) |
| 16:20 | Create | Villager (Male) |
| 16:20 | Create | Villager (Male) |
| 16:20 | Create | Villager (Male) |
| 16:21 | Create | Villager (Male) |
| 16:21 | Create | Villager (Male) |
| 16:27 | Build | Farm |
| 16:35 | Build | Farm |
| 16:42 | Build | Farm |
| 16:44 | Create | Villager (Male) |
| 17:00 | Build | Farm |
| 17:02 | Build | Farm |
| 17:03 | Create | Villager (Male) |
| 17:05 | Build | Farm |
| 17:20 | Create | Villager (Male) |
| 17:24 | Build | Farm |
| 17:27 | Create | Villager (Male) |
| 17:28 | Create | Villager (Male) |
| 17:33 | Build | Farm |
| 17:39 | Build | Farm |
| 17:41 | Create | Villager (Male) |
| 17:44 | Create | Villager (Male) |
| 17:48 | Build | House |
| 17:51 | Build | House |
| 18:02 | Create | Monk |
| 18:08 | Create | Villager (Male) |
| 18:08 | Create | Villager (Male) |
| 18:14 | Create | Villager (Male) |
| 18:21 | Build | Farm |
| 18:21 | Build | Farm |
| 18:22 | Build | Farm |
| 18:22 | Build | Farm |
| 18:22 | Build | Farm |
| 18:27 | Create | Villager (Male) |
| 18:34 | Build | Farm |
| 18:38 | Build | House |
| 18:39 | Build | House |
| 18:40 | Build | House |
| 18:41 | Create | Villager (Male) |
| 18:46 | Create | Villager (Male) |
| 18:52 | Create | Villager (Male) |
| 18:53 | Build | Farm |
| 19:01 | Create | Villager (Male) |
| 19:06 | Build | Farm |
| 19:10 | Build | Farm |
| 19:10 | Create | Villager (Male) |
| 19:13 | Build | Farm |
| 19:13 | Create | Villager (Male) |
| 19:20 | Create | Villager (Male) |
| 19:25 | Build | Farm |
| 19:27 | Create | Villager (Male) |
| 19:32 | Create | Villager (Male) |
| 19:32 | Create | Villager (Male) |
| 19:40 | Create | Villager (Male) |
| 19:52 | Build | Barracks |
| 19:54 | Create | Villager (Male) |
| 19:54 | Create | Villager (Male) |
| 19:59 | Build | Farm |
| 20:00 | Create | Villager (Male) |
| 20:07 | Build | House |
| 20:08 | Build | House |
| 20:09 | Create | Villager (Male) |
| 20:15 | Create | Villager (Male) |
| 20:39 | Create | Villager (Male) |
| 20:46 | Build | Farm |
| 20:48 | Create | Villager (Male) |
| 20:48 | Create | Villager (Male) |
| 20:52 | Build | Farm |
| 20:53 | Create | Villager (Male) |
| 21:00 | Build | Stable |
| 21:00 | Create | Villager (Male) |
| 21:06 | Create | Villager (Male) |
| 21:08 | Build | House |
| 21:10 | Build | House |
| 21:11 | Create | Villager (Male) |
| 21:18 | Create | Villager (Male) |
Build order — 重案组之虎曹达华JESSEJAMES
First 150 of 396 actions detected
| 0:03 | Create | Villager (Male) |
| 0:03 | Create | Villager (Male) |
| 0:03 | Create | Villager (Male) |
| 0:04 | Create | Villager (Male) |
| 0:04 | Create | Villager (Male) |
| 0:25 | Build | House |
| 0:27 | Build | House |
| 1:09 | Build | House |
| 1:10 | Build | House |
| 1:39 | Create | Villager (Male) |
| 1:39 | Create | Villager (Male) |
| 2:18 | Create | Villager (Male) |
| 2:18 | Create | Villager (Male) |
| 2:52 | Create | Villager (Male) |
| 2:52 | Create | Villager (Male) |
| 3:11 | Create | Villager (Male) |
| 3:11 | Create | Villager (Male) |
| 3:11 | Create | Villager (Male) |
| 3:27 | Create | Villager (Male) |
| 3:27 | Create | Villager (Male) |
| 3:40 | Create | Villager (Male) |
| 3:40 | Create | Villager (Male) |
| 4:13 | Create | Villager (Male) |
| 4:14 | Create | Villager (Male) |
| 4:14 | Create | Villager (Male) |
| 4:57 | Create | Villager (Male) |
| 4:57 | Create | Villager (Male) |
| 4:57 | Create | Villager (Male) |
| 5:15 | Create | Villager (Male) |
| 5:16 | Create | Villager (Male) |
| 5:16 | Create | Villager (Male) |
| 6:09 | Create | Villager (Male) |
| 6:09 | Create | Villager (Male) |
| 6:09 | Create | Villager (Male) |
| 6:10 | Create | Villager (Male) |
| 6:53 | Build | Mill |
| 8:04 | Research | Feudal Age |
| 8:04 | Research | Feudal Age |
| 10:14 | Age | Feudal Age |
| 10:20 | Research | Castle Age |
| 10:20 | Research | Castle Age |
| 10:43 | Build | Lumber Camp |
| 11:17 | Build | Mining Camp |
| 11:46 | Research | Double-Bit Axe |
| 11:47 | Research | Double-Bit Axe |
| 12:04 | Research | Stone Mining |
| 12:05 | Research | Stone Mining |
| 12:24 | Research | Horse Collar |
| 12:24 | Research | Horse Collar |
| 13:00 | Age | Castle Age |
| 13:08 | Build | House |
| 13:09 | Build | House |
| 13:11 | Build | House |
| 13:14 | Create | Villager (Male) |
| 13:14 | Create | Villager (Male) |
| 13:33 | Create | Villager (Male) |
| 14:00 | Build | Town Center |
| 14:16 | Create | Villager (Male) |
| 14:32 | Build | Farm |
| 14:33 | Build | Farm |
| 14:53 | Create | Villager (Male) |
| 14:58 | Build | Farm |
| 15:01 | Build | Farm |
| 15:19 | Create | Villager (Male) |
| 15:19 | Create | Villager (Male) |
| 15:27 | Build | Farm |
| 15:42 | Build | Farm |
| 15:46 | Build | Farm |
| 15:54 | Create | Villager (Male) |
| 15:54 | Create | Villager (Male) |
| 16:08 | Build | Farm |
| 16:16 | Build | Farm |
| 16:18 | Create | Villager (Male) |
| 16:18 | Create | Villager (Male) |
| 16:36 | Build | Farm |
| 16:40 | Create | Villager (Male) |
| 16:40 | Create | Villager (Male) |
| 16:52 | Build | Farm |
| 16:53 | Build | Farm |
| 16:57 | Create | Villager (Male) |
| 16:58 | Create | Villager (Male) |
| 17:07 | Create | Villager (Male) |
| 17:08 | Create | Villager (Male) |
| 17:21 | Create | Villager (Male) |
| 17:21 | Create | Villager (Male) |
| 17:32 | Build | Town Center |
| 17:45 | Create | Villager (Male) |
| 17:45 | Create | Villager (Male) |
| 17:46 | Create | Villager (Male) |
| 17:55 | Build | Farm |
| 17:59 | Build | Farm |
| 18:03 | Create | Villager (Male) |
| 18:03 | Create | Villager (Male) |
| 18:31 | Research | Bow Saw |
| 18:55 | Research | Heavy Plow |
| 19:04 | Create | Villager (Male) |
| 19:04 | Create | Villager (Male) |
| 19:22 | Build | Castle |
| 19:32 | Research | Loom |
| 19:40 | Research | Wheelbarrow |
| 19:40 | Research | Wheelbarrow |
| 20:03 | Build | Town Center |
| 20:07 | Create | Villager (Male) |
| 20:07 | Create | Villager (Male) |
| 20:08 | Create | Villager (Male) |
| 20:18 | Create | Villager (Male) |
| 20:18 | Create | Villager (Male) |
| 20:19 | Create | Villager (Male) |
| 20:32 | Create | Villager (Male) |
| 20:33 | Create | Villager (Male) |
| 20:49 | Build | Mining Camp |
| 20:52 | Research | Gold Mining |
| 20:52 | Research | Gold Mining |
| 21:05 | Create | Villager (Male) |
| 21:05 | Create | Villager (Male) |
| 21:06 | Create | Villager (Male) |
| 21:06 | Create | Villager (Male) |
| 21:15 | Build | Farm |
| 21:16 | Build | Farm |
| 21:17 | Build | Farm |
| 21:19 | Build | Farm |
| 21:20 | Build | Farm |
| 21:21 | Build | Farm |
| 21:28 | Create | Villager (Male) |
| 21:28 | Create | Villager (Male) |
| 21:28 | Create | Villager (Male) |
| 21:33 | Create | Villager (Male) |
| 21:34 | Create | Villager (Male) |
| 21:43 | Build | Farm |
| 21:43 | Build | Farm |
| 21:51 | Create | Villager (Male) |
| 21:51 | Create | Villager (Male) |
| 21:51 | Create | Villager (Male) |
| 21:56 | Build | Farm |
| 21:59 | Create | Villager (Male) |
| 21:59 | Create | Villager (Male) |
| 22:09 | Build | Farm |
| 22:11 | Create | Villager (Male) |
| 22:11 | Create | Villager (Male) |
| 22:12 | Create | Villager (Male) |
| 22:28 | Create | Villager (Male) |
| 22:29 | Create | Villager (Male) |
| 22:29 | Create | Villager (Male) |
| 22:29 | Create | Villager (Male) |
| 22:43 | Build | Farm |
| 22:47 | Build | Farm |
| 22:56 | Build | Farm |
| 22:57 | Build | Farm |
| 23:33 | Build | Farm |
| 23:35 | Build | Farm |
Build order — TigerBitePig
First 150 of 484 actions detected
| 0:01 | Create | Villager (Male) |
| 0:01 | Create | Villager (Male) |
| 0:02 | Create | Villager (Male) |
| 0:02 | Create | Villager (Male) |
| 0:02 | Create | Villager (Male) |
| 0:04 | Build | House |
| 0:05 | Build | House |
| 1:37 | Create | Villager (Male) |
| 1:37 | Create | Villager (Male) |
| 1:37 | Create | Villager (Male) |
| 2:00 | Create | Villager (Male) |
| 2:00 | Create | Villager (Male) |
| 2:00 | Create | Villager (Male) |
| 2:30 | Build | Lumber Camp |
| 2:31 | Create | Villager (Male) |
| 2:32 | Create | Villager (Male) |
| 2:42 | Create | Villager (Male) |
| 2:42 | Create | Villager (Male) |
| 3:10 | Create | Villager (Male) |
| 3:10 | Create | Villager (Male) |
| 4:16 | Create | Villager (Male) |
| 4:17 | Create | Villager (Male) |
| 4:17 | Create | Villager (Male) |
| 4:17 | Create | Villager (Male) |
| 4:24 | Build | Mill |
| 4:28 | Create | Villager (Male) |
| 4:29 | Create | Villager (Male) |
| 4:43 | Build | House |
| 4:46 | Research | Loom |
| 5:08 | Create | Villager (Male) |
| 5:09 | Create | Villager (Male) |
| 5:21 | Create | Villager (Male) |
| 5:21 | Create | Villager (Male) |
| 5:22 | Create | Villager (Male) |
| 5:30 | Build | House |
| 5:35 | Create | Villager (Male) |
| 5:35 | Create | Villager (Male) |
| 5:47 | Create | Villager (Male) |
| 5:47 | Create | Villager (Male) |
| 5:48 | Create | Villager (Male) |
| 6:00 | Create | Villager (Male) |
| 6:00 | Create | Villager (Male) |
| 6:16 | Build | House |
| 6:36 | Create | Villager (Male) |
| 6:36 | Create | Villager (Male) |
| 7:59 | Build | Farm |
| 8:09 | Build | Farm |
| 8:09 | Build | Farm |
| 8:30 | Create | Villager (Male) |
| 8:42 | Build | Mining Camp |
| 8:49 | Create | Villager (Male) |
| 8:49 | Research | Feudal Age |
| 9:57 | Build | Farm |
| 10:52 | Create | Villager (Male) |
| 10:52 | Create | Villager (Male) |
| 11:10 | Build | Farm |
| 11:17 | Build | Farm |
| 11:36 | Age | Feudal Age |
| 11:44 | Build | Market |
| 11:59 | Build | Blacksmith |
| 12:23 | Create | Villager (Male) |
| 12:42 | Research | Double-Bit Axe |
| 12:53 | Research | Castle Age |
| 12:53 | Research | Castle Age |
| 13:08 | Research | Horse Collar |
| 13:09 | Research | Horse Collar |
| 13:22 | Build | House |
| 13:31 | Build | Farm |
| 13:34 | Build | Farm |
| 14:15 | Build | Barracks |
| 14:22 | Build | Barracks |
| 14:32 | Create | Villager (Male) |
| 15:11 | Build | Stable |
| 15:33 | Age | Castle Age |
| 15:41 | Build | Town Center |
| 15:43 | Create | Villager (Male) |
| 16:01 | Create | Knight |
| 16:01 | Create | Knight |
| 16:02 | Create | Knight |
| 16:02 | Create | Knight |
| 16:11 | Research | Bow Saw |
| 16:14 | Create | Villager (Male) |
| 16:41 | Build | House |
| 16:42 | Build | House |
| 16:44 | Create | Villager (Male) |
| 17:01 | Create | Villager (Male) |
| 17:02 | Create | Villager (Male) |
| 17:02 | Create | Villager (Male) |
| 17:02 | Create | Villager (Male) |
| 17:03 | Create | Villager (Male) |
| 17:03 | Create | Villager (Male) |
| 17:09 | Create | Knight |
| 17:19 | Build | Farm |
| 17:23 | Build | Farm |
| 17:26 | Build | House |
| 17:37 | Build | Farm |
| 17:43 | Create | Villager (Male) |
| 17:54 | Build | Lumber Camp |
| 18:21 | Create | Villager (Male) |
| 18:22 | Create | Villager (Male) |
| 18:22 | Research | Wheelbarrow |
| 18:24 | Build | Farm |
| 18:28 | Create | Villager (Male) |
| 18:28 | Create | Villager (Male) |
| 18:29 | Create | Villager (Male) |
| 18:50 | Create | Villager (Male) |
| 19:06 | Create | Villager (Male) |
| 19:06 | Create | Villager (Male) |
| 19:06 | Create | Villager (Male) |
| 19:43 | Create | Villager (Male) |
| 19:49 | Build | House |
| 19:50 | Build | House |
| 19:55 | Build | Town Center |
| 20:15 | Create | Villager (Male) |
| 20:15 | Create | Villager (Male) |
| 20:16 | Create | Villager (Male) |
| 20:16 | Create | Villager (Male) |
| 20:16 | Create | Villager (Male) |
| 20:20 | Build | Farm |
| 20:21 | Build | Farm |
| 20:21 | Build | Farm |
| 20:21 | Build | Farm |
| 20:21 | Build | Farm |
| 20:22 | Build | Farm |
| 20:22 | Build | Farm |
| 20:22 | Build | Farm |
| 20:23 | Build | Farm |
| 20:23 | Build | Farm |
| 20:23 | Build | Farm |
| 20:35 | Build | House |
| 20:36 | Build | House |
| 20:42 | Build | Farm |
| 20:43 | Create | Villager (Male) |
| 20:44 | Create | Villager (Male) |
| 21:05 | Build | Monastery |
| 21:39 | Create | Villager (Male) |
| 21:40 | Create | Villager (Male) |
| 21:40 | Create | Villager (Male) |
| 21:40 | Create | Villager (Male) |
| 21:52 | Build | Mining Camp |
| 21:54 | Create | Monk |
| 22:13 | Create | Villager (Male) |
| 22:13 | Create | Villager (Male) |
| 22:13 | Create | Villager (Male) |
| 22:13 | Create | Villager (Male) |
| 22:14 | Create | Villager (Male) |
| 22:14 | Create | Villager (Male) |
| 22:20 | Build | House |
| 22:21 | Build | House |
| 22:34 | Create | Villager (Male) |
Build order — wz777
First 150 of 317 actions detected
| 0:04 | Create | Villager (Male) |
| 0:04 | Create | Villager (Male) |
| 0:06 | Build | House |
| 0:08 | Build | House |
| 0:27 | Create | Villager (Male) |
| 0:32 | Create | Villager (Male) |
| 1:44 | Create | Villager (Male) |
| 1:54 | Create | Villager (Male) |
| 1:54 | Create | Villager (Male) |
| 2:12 | Build | Lumber Camp |
| 2:29 | Create | Villager (Male) |
| 2:29 | Create | Villager (Male) |
| 2:43 | Create | Villager (Male) |
| 2:43 | Create | Villager (Male) |
| 3:00 | Create | Villager (Male) |
| 3:30 | Create | Villager (Male) |
| 4:02 | Build | House |
| 4:04 | Build | House |
| 4:13 | Create | Villager (Male) |
| 4:45 | Create | Villager (Male) |
| 4:48 | Build | Mill |
| 5:00 | Build | House |
| 5:08 | Create | Villager (Male) |
| 5:08 | Create | Villager (Male) |
| 5:23 | Create | Villager (Male) |
| 6:08 | Create | Villager (Male) |
| 6:35 | Create | Villager (Male) |
| 6:40 | Build | House |
| 7:04 | Build | Mining Camp |
| 7:10 | Create | Villager (Male) |
| 7:33 | Create | Villager (Male) |
| 7:59 | Research | Feudal Age |
| 8:07 | Build | Farm |
| 8:16 | Build | Farm |
| 8:51 | Create | Villager (Male) |
| 8:52 | Create | Villager (Male) |
| 10:15 | Age | Feudal Age |
| 10:18 | Build | Blacksmith |
| 10:20 | Build | Market |
| 11:13 | Research | Castle Age |
| 11:16 | Build | Farm |
| 11:35 | Research | Double-Bit Axe |
| 12:02 | Research | Horse Collar |
| 12:22 | Build | House |
| 12:30 | Build | House |
| 12:42 | Build | Farm |
| 13:13 | Create | Villager (Male) |
| 13:13 | Create | Villager (Male) |
| 13:30 | Build | House |
| 13:53 | Age | Castle Age |
| 13:56 | Build | Town Center |
| 14:20 | Build | Town Center |
| 14:28 | Create | Villager (Male) |
| 14:42 | Research | Bow Saw |
| 14:53 | Create | Villager (Male) |
| 15:10 | Build | Farm |
| 15:16 | Create | Villager (Male) |
| 15:24 | Create | Villager (Male) |
| 15:24 | Create | Villager (Male) |
| 15:28 | Build | Farm |
| 15:41 | Build | Lumber Camp |
| 15:43 | Create | Villager (Male) |
| 15:46 | Create | Villager (Male) ×2 |
| 15:51 | Build | Farm |
| 16:03 | Build | Farm |
| 16:13 | Create | Villager (Male) |
| 16:17 | Build | Farm |
| 16:26 | Build | Farm |
| 16:28 | Create | Villager (Male) |
| 16:31 | Build | Farm |
| 16:40 | Build | Farm |
| 16:42 | Create | Villager (Male) |
| 16:50 | Build | Farm |
| 16:52 | Create | Villager (Male) |
| 16:57 | Build | Farm |
| 17:04 | Create | Villager (Male) |
| 17:10 | Create | Villager (Male) ×2 |
| 17:15 | Build | Farm |
| 17:18 | Build | Farm |
| 17:21 | Build | Farm |
| 17:25 | Build | Farm |
| 17:27 | Create | Villager (Male) ×2 |
| 17:36 | Build | Farm |
| 17:39 | Build | Farm |
| 17:41 | Create | Villager (Male) |
| 17:47 | Build | House |
| 17:50 | Build | House |
| 17:55 | Create | Villager (Male) |
| 18:01 | Build | Farm |
| 18:03 | Build | Farm |
| 18:08 | Build | Farm |
| 18:13 | Build | House |
| 18:14 | Build | House |
| 18:15 | Create | Villager (Male) |
| 18:18 | Create | Villager (Male) ×2 |
| 18:25 | Build | Farm |
| 18:30 | Build | Farm |
| 18:37 | Build | Farm |
| 18:42 | Create | Villager (Male) ×4 |
| 18:47 | Build | Farm |
| 18:49 | Create | Villager (Male) |
| 18:49 | Create | Villager (Male) |
| 18:54 | Create | Villager (Male) |
| 19:16 | Build | Farm |
| 19:18 | Create | Villager (Male) ×3 |
| 19:23 | Build | House |
| 19:37 | Create | Villager (Male) ×4 |
| 19:44 | Build | Farm |
| 19:45 | Build | Farm |
| 19:47 | Build | Mill |
| 19:49 | Create | Villager (Male) |
| 19:51 | Create | Villager (Male) |
| 20:08 | Build | House |
| 20:15 | Build | Town Center |
| 20:18 | Create | Villager (Male) ×4 |
| 20:34 | Research | Wheelbarrow |
| 20:40 | Build | Farm |
| 20:42 | Create | Villager (Male) |
| 20:54 | Build | Farm |
| 21:05 | Build | Farm |
| 21:06 | Build | Farm |
| 21:13 | Create | Villager (Male) ×5 |
| 21:26 | Build | House |
| 21:27 | Build | House |
| 21:45 | Create | Villager (Male) ×5 |
| 21:50 | Build | Farm |
| 21:51 | Build | Farm |
| 21:55 | Build | Farm |
| 21:55 | Build | Farm |
| 21:57 | Create | Villager (Male) |
| 22:00 | Create | Villager (Male) |
| 22:02 | Create | Villager (Male) |
| 22:11 | Build | University |
| 22:17 | Build | House |
| 22:19 | Build | House |
| 22:20 | Build | House |
| 22:23 | Research | Heavy Plow |
| 22:25 | Create | Villager (Male) ×5 |
| 22:51 | Research | Hand Cart |
| 23:00 | Build | House |
| 23:02 | Build | House |
| 23:08 | Build | Farm |
| 23:09 | Build | Farm |
| 23:10 | Build | Mill |
| 23:12 | Create | Villager (Male) |
| 23:19 | Create | Villager (Male) |
| 23:20 | Create | Villager (Male) |
| 23:36 | Build | Monastery |
| 23:49 | Build | Farm |
| 23:52 | Build | Farm |
Match timeline
| 8:55 | 杀猪死MM · first_building Barracks |
| 10:07 | 丰川小祥 · age_up feudal |
| 10:14 | 重案组之虎曹达华JESSEJAMES · age_up feudal |
| 10:15 | wz777 · age_up feudal |
| 10:15 | 杀猪死MM · age_up feudal |
| 10:56 | PerryTHIS · age_up feudal |
| 11:20 | 杀猪死MM · wall_segment Palisade Wall x1 |
| 11:36 | TigerBitePig · age_up feudal |
| 11:52 | 丰川小祥 · first_building Barracks |
| 12:04 | KatarnRedfield · age_up feudal |
| 12:23 | Krispy · age_up feudal |
| 12:58 | 丰川小祥 · first_building Stable |
| 13:00 | 重案组之虎曹达华JESSEJAMES · age_up castle |
| 13:53 | wz777 · age_up castle |
| 14:02 | 丰川小祥 · age_up castle |
| 14:08 | 丰川小祥 · first_building Monastery |
| 14:15 | TigerBitePig · first_building Barracks |
| 14:36 | PerryTHIS · age_up castle |
| 14:42 | PerryTHIS · first_building Monastery |
| 14:47 | Krispy · first_market_buy 100 stone |
| 15:07 | PerryTHIS · first_market_buy 100 food |
| 15:11 | TigerBitePig · first_building Stable |
| 15:33 | TigerBitePig · age_up castle |
| 15:36 | KatarnRedfield · age_up castle |
| 15:42 | 杀猪死MM · age_up castle |
| 15:57 | Krispy · age_up castle |
| 16:21 | Krispy · first_market_sell 100 food |
| 16:24 | KatarnRedfield · first_building Barracks |
| 17:08 | wz777 · first_market_buy 100 food |
| 19:22 | 重案组之虎曹达华JESSEJAMES · first_building Castle |
| 19:52 | PerryTHIS · first_building Barracks |
| 20:32 | 丰川小祥 · first_market_sell 100 food |
| 20:33 | 丰川小祥 · first_market_buy 100 stone |
| 21:00 | PerryTHIS · first_building Stable |
| 21:05 | TigerBitePig · first_building Monastery |
| 21:37 | 杀猪死MM · first_building Castle |
| 22:10 | KatarnRedfield · first_building Siege Workshop |
| 22:28 | KatarnRedfield · first_building Monastery |
| 23:36 | wz777 · first_building Monastery |
| 24:16 | PerryTHIS · first_building Castle |
| 24:28 | KatarnRedfield · first_market_sell 100 wood |
| 24:31 | Krispy · first_building Barracks |
| 24:46 | wz777 · first_building Castle |
| 25:04 | 重案组之虎曹达华JESSEJAMES · first_market_sell 100 wood |
| 25:12 | 杀猪死MM · first_building Archery Range |
| 25:25 | Krispy · first_building Castle |
| 25:48 | 丰川小祥 · first_building Castle |
| 26:01 | wz777 · first_building Barracks |
| 26:14 | Krispy · first_building Stable |
| 26:48 | wz777 · first_building Stable |
| 26:49 | 重案组之虎曹达华JESSEJAMES · first_building Barracks |
| 27:12 | TigerBitePig · first_building Castle |
| 27:51 | KatarnRedfield · age_up imperial |
| 27:55 | wz777 · age_up imperial |
| 28:16 | 重案组之虎曹达华JESSEJAMES · age_up imperial |
| 28:22 | 重案组之虎曹达华JESSEJAMES · first_building Siege Workshop |
| 28:24 | 杀猪死MM · age_up imperial |
| 28:40 | KatarnRedfield · first_building Castle |
| 28:48 | PerryTHIS · age_up imperial |
| 29:06 | 杀猪死MM · first_market_sell 100 wood |
| 29:25 | wz777 · first_building Siege Workshop |
| 29:27 | Krispy · age_up imperial |
| 30:07 | KatarnRedfield · first_market_buy 100 wood |
| 30:11 | 杀猪死MM · wall_segment Palisade Wall x1 |
| 31:03 | Krispy · first_building Siege Workshop |
| 31:23 | TigerBitePig · age_up imperial |
| 31:53 | 杀猪死MM · first_building Siege Workshop |
| 32:24 | KatarnRedfield · wall_segment Stone Wall x1 |
| 32:32 | KatarnRedfield · wall_segment Stone Wall x1 |
| 32:42 | PerryTHIS · first_building Archery Range |
| 33:54 | PerryTHIS · tribute_sent a jugador 1 |
| 33:54 | PerryTHIS · tribute_sent a jugador 2 |
| 33:54 | PerryTHIS · tribute_sent a jugador 3 |
| 33:54 | PerryTHIS · tribute_sent a jugador 4 |
| 33:54 | PerryTHIS · tribute_sent a jugador 6 |
| 33:54 | PerryTHIS · tribute_sent a jugador 7 |
| 33:54 | PerryTHIS · tribute_sent a jugador 8 |
| 35:03 | 杀猪死MM · first_building Stable |
| 35:46 | 丰川小祥 · age_up imperial |
| 35:49 | KatarnRedfield · wall_segment Stone Wall x2 |
| 36:06 | KatarnRedfield · wall_segment Stone Wall x2 |
| 37:32 | 丰川小祥 · first_building Archery Range |
| 37:52 | 杀猪死MM · resign |
| 38:13 | wz777 · first_building Archery Range |
| 40:58 | PerryTHIS · wall_segment Stone Wall x1 |
| 46:14 | TigerBitePig · first_market_sell 500 food |
| 49:50 | 重案组之虎曹达华JESSEJAMES · wall_segment Stone Wall x1 |
| 49:56 | 重案组之虎曹达华JESSEJAMES · wall_segment Stone Wall x14 |
[ AI ANALYSIS · 1 CREDIT ]
What really happened in this match?
Wolo.gg analyzes every decision: build order, eco, micro, common mistakes by bracket. Personalized analysis on WhatsApp or Discord in 30 seconds.
Civ guide
Jurchens
Perfil
Jugador #801407